 Dungeon Crawl Stone Soup version 0.29.0-15-g675c0067aa (webtiles) character file.

Game seed: 3402411854492276600

9426 DoubleLucky the Arsonist (level 11, -4/79 HPs)
             Began as a Grey Draconian Fire Elementalist on Sept 11, 2022.
             Was a Believer of Vehumet.
             Killed from afar by a gargoyle (20 damage)
             ... with a stone arrow
             ... on level 8 of the Dungeon.
             The game lasted 00:50:20 (11528 turns).

DoubleLucky the Arsonist (DrFE)                    Turns: 11528, Time: 00:50:20

Health: -4/79      AC: 18    Str:  6    XL:     11   Next: 22%
Magic:  1/25       EV: 12    Int: 20    God:    Vehumet [**....]
Gold:   245        SH:  0    Dex: 19    Spells: 20/30 levels left

rFire   + . .      SeeInvis .   o - +10 trident "Lytamuqi" {freeze, rPois rF+ Will+ Str-5 Dex+2}
rCold   . . .      Faith    .   (no shield)
rNeg    . . .      Spirit   .   (body armour unavailable)
rPois   +          Reflect  .   t - +2 hat
rElec   .          Harm     .   (no cloak)
rCorr   .          Rampage  .   (no gloves)
Will    +....                   (no boots)
Stlth   ++........              (no amulet)
HPRegen 0.23/turn               r - +4 ring of protection
MPRegen 0.19/turn               u - +6 ring of dexterity

@: no status effects
A: AC +12, amphibious, unfitting armour, cold-blooded
a: Renounce Religion


You were on level 8 of the Dungeon.
You worshipped Vehumet.
Vehumet was pleased with you.
You visited 2 branches of the dungeon, and saw 9 of its levels.

You collected 501 gold pieces.
You spent 256 gold pieces at shops.

Inventory:

Hand Weapons
 e - a +2 dagger of speed
 o - the +10 trident "Lytamuqi" (weapon) {freeze, rPois rF+ Will+ Str-5 Dex+2}
   (You found it on level 3 of the Dungeon)

   It freezes those it strikes, dealing additional cold damage.
   It can also slow down cold-blooded creatures.
   Str:       It affects your strength (-5).
   Dex:       It affects your dexterity (+2).
   rF:        It protects you from fire.
   rPois:     It protects you from poison.
   Will:      It increases your willpower.
 v - a +1 whip of freezing
Missiles
 x - 2 throwing nets
 D - 19 poisoned darts
Armour
 t - a +2 hat (worn)
Jewellery
 r - a +4 ring of protection (left hand)
 u - a +6 ring of dexterity (right hand)
 y - an amulet of guardian spirit
 z - a ring of ice
 I - a ring of protection from cold
Wands
 w - a wand of paralysis (8)
 A - a wand of digging (12)
 C - a wand of flame (29)
 J - a wand of mindburst (12)
Scrolls
 b - 2 scrolls of magic mapping
 c - a scroll of immolation {unknown}
 g - a scroll of enchant weapon {unknown}
 h - a scroll of silence {unknown}
 j - 2 scrolls of amnesia
 k - 2 scrolls of fear
 l - 5 scrolls of vulnerability
 n - a scroll of torment {unknown}
 E - 2 scrolls of teleportation
 F - a scroll of noise
 G - a scroll of identify
 H - a scroll of fog {unknown}
Potions
 a - 2 potions of magic
 d - 2 potions of might
 f - 2 potions of cancellation
 i - 5 potions of curing
 m - a potion of mutation
 p - a potion of invisibility {unknown}
 q - 3 potions of attraction
 s - 2 potions of brilliance
 B - 3 potions of resistance


   Skills:
 + Level 2.1 Fighting
 - Level 1.7 Dodging
 - Level 1.7 Stealth
 - Level 10.0 Spellcasting
 - Level 3.0 Conjurations
 - Level 10.0 Fire Magic
 - Level 10.0 Poison Magic


You had 20 spell levels left.
You knew the following spells:

 Your Spells              Type           Power      Damage    Failure   Level
a - Foxfire               Conj/Fire      100%       2x1d9     1%          1
b - Scorch                Fire           100%       2d10      1%          2
c - Inner Flame           Hex/Fire       30%        N/A       2%          3
d - Olgreb's Toxic Radia  Pois           50%        N/A       1%          4

Your spell library contained the following spells:

 Spells                   Type           Power      Damage    Failure   Level
 Freeze                   Ice            40%        1d6       7%          1
 Sting                    Tmut/Pois      100%       1d8       1%          1
 Poisonous Vapours        Pois/Air       60%        N/A       1%          2
 Conjure Flame            Conj/Fire      36%        6-21      1%          3
 Shock                    Conj/Air       64%        1d7       3%          1
 Flame Wave               Conj/Fire      36%        2d10      4%          4
 Apportation              Tloc           20%        N/A       7%          1
 Sandblast                Erth           20%        2d7       7%          1
 Slow                     Hex            40%        N/A       7%          1
 Passwall                 Tmut/Erth      8%         N/A       11%         2
 Stone Arrow              Conj/Erth      32%        3d9       11%         3
 Confusing Touch          Hex            10%        N/A       21%         3
 Swiftness                Air            10%        N/A       21%         3
 Vampiric Draining        Necr           10%        2d6       21%         3
 Alistair's Intoxication  Tmut/Pois      20%        N/A       24%         5
 Airstrike                Air            5%         2d(1-17)  56%         4


Dungeon Overview and Level Annotations

Branches:
Dungeon (8/15)             Temple (1/1) D:6            Lair (0/5) D:8

Altars:
Ashenzari
Cheibriados
Dithmenos
Elyvilon
Fedhas
Gozag
Hepliaklqana
Kikubaaqudgha
Makhleb
Nemelex Xobeh
Okawaru
Sif Muna
Uskayaw
Vehumet
Wu Jian
Xom
Yredelemnul
Zin

Shops:
D:7 ([(?

Annotations:
D:3 exclusion: downstairs
D:4 4 runed translucent doors, exclusion: downstairs, Crazy Yiuf; LabCoat's ghost, amateur HOFi


Innate Abilities, Weirdness & Mutations

Your dull iron-grey scales are very hard. (AC +12)
You are amphibious.
You cannot fit into any form of body armour.
You are cold-blooded and may be slowed by cold attacks.


Message History

The water moccasin bites you but does no damage.
Your foxfire dissipates!
The foxfire hits the water moccasin.
Flame seeps out of the water moccasin.
The water moccasin is moderately wounded.
The water moccasin is engulfed in blazing flames.
Flame seeps out of the water moccasin.
Casting: Foxfire (safe; 1% risk of failure)
Confirm with . or Enter, or press ? or * to list all spells.
You conjure some foxfire!
The water moccasin bites you but does no damage.
The foxfire hits the gargoyle.
Flame seeps out of the gargoyle.
The gargoyle is moderately damaged.
The water moccasin completely misses you.
The water moccasin attacks as you move away!
The water moccasin bites you.
* * * LOW HITPOINT WARNING * * *
The foxfire hits the gargoyle.
Flame seeps out of the gargoyle.
The gargoyle is moderately damaged.
You feel better.
The water moccasin bites you but does no damage.
The gargoyle is engulfed in blazing flames.
Flame seeps out of the gargoyle.
The water moccasin bites you but does no damage.
Casting: Foxfire (safe; 1% risk of failure)
Confirm with . or Enter, or press ? or * to list all spells.
You conjure some foxfire!
The gargoyle barely misses you. The water moccasin bites you.
* * * LOW HITPOINT WARNING * * *
The water moccasin attacks as you move away!
The water moccasin bites you but does no damage.
The foxfire hits the gargoyle but does no damage.
The gargoyle is heavily damaged.
The foxfire hits the gargoyle but does no damage.
The gargoyle is heavily damaged.
As you read the scroll of fear, it crumbles to dust.
You assume a fearsome visage.
The gargoyle is unaffected.
The water moccasin looks frightened!
The gargoyle hurls a stone arrow at you.
The stone arrow hits you!!
You die...

####...###).#.# #.#
#..'..###...#.#### #.#
#.##...##..).....# #.###########
#.###......#.)...# #............
#z# ##....##.)...# ##.#########.
...# ##....##.....####).## #.
######......#...))##.)...### #.
#S..##.....9§).)....)..## #.
#...###..)S.@.........P.####.
#..###...###...........P...#.
##...##...###.♣P......)...#...
###.#......###...)..).♣....♣.#..
#..###....## #......).♣.).P.....
##..###....## #..♣....>......♣##.
####.#......###...♣..........♣##.
#####...##...##..♣....♣..♣.......
..#.....###..###.o...........##.#


You could see a water moccasin (inner flame, fleeing) and a gargoyle (inner
flame).

Vanquished Creatures
  2 two-headed ogres (D:8)
  Pikel (D:4)
  A hornet (D:8)
  Grinder (D:3)
  Sigmund (D:4)
  12 yaks (D:8)
  4 wyverns
  A basilisk (D:8)
  Menkaure (D:4)
  A steam dragon (D:6)
  9 water moccasins
  Duvessa (D:6)
  2 orc warriors (D:8)
  3 ice beasts
  2 black bears
  A sky beast (D:6)
  An ogre (D:7)
  3 centaurs
  2 phantoms (D:5)
  A kobold brigand (D:7)
  Blork the orc (D:5)
  3 bullfrogs
  A necrophage (D:8)
  4 scorpions
  7 wights
  Dowan (D:6)
  10 killer bees
  2 hounds
  4 jellies
  4 orc priests
  3 gnoll boudas
  An iguana (D:3)
  5 orc wizards
  Robin (D:2)
  17 gnolls
  4 adders
  A shadow imp (D:8)
  4 worms
  3 dart slugs
  31 orcs
  8 ball pythons
  9 bats
  5 endoplasms
  4 giant cockroaches
  22 goblins
  7 hobgoblins
  4 jackals (D:3)
  13 kobolds
  4 quokkas
  5 frilled lizards
  27 rats
265 creatures vanquished.

Vanquished Creatures (collateral kills)
  A foxfire (D:8)
1 creature vanquished.

Vanquished Creatures (others)
  2 bushes (D:8)
  638 foxfires
  A fungus (D:8)
  21 plants (D:8)
662 creatures vanquished.

Grand Total: 928 creatures vanquished

Notes
Turn   | Place    | Note
-------+----------+-------------------------------------------
     0 | D:1      | DoubleLucky the Draconian Fire Elementalist began the quest
                  | for the Orb.
     0 | D:1      | Reached XP level 1. HP: 14/14 MP: 3/3
   187 | D:1      | Reached XP level 2. HP: 20/20 MP: 0/5
  1005 | D:2      | Reached XP level 3. HP: 26/26 MP: 3/6
  1493 | D:2      | Noticed Robin
  1587 | D:2      | Killed Robin
  1814 | D:2      | Reached XP level 4. HP: 33/33 MP: 2/7
  1866 | D:2      | Learned a level 2 spell: Scorch
  1870 | D:2      | Learned a level 3 spell: Inner Flame
  2631 | D:3      | Identified the +10 trident "Lytamuqi" {freeze, rPois rF+
                  | Will+ Str-5 Dex+2}
  2888 | D:3      | Reached XP level 5. HP: 38/38 MP: 5/8
  2890 | D:3      | Reached skill level 5 in Fire Magic
  3139 | D:3      | Found a faded altar of an unknown god.
  3171 | D:3      | Noticed Grinder
  3177 | D:3      | Paralysed by Grinder for 3 turns
  3199 | D:3      | Killed Grinder
  3200 | D:3      | Reached XP level 6. HP: 45/45 MP: 1/9
  3569 | D:4      | Noticed Pikel
  3958 | D:4      | Killed Pikel
  3959 | D:4      | Your scales start taking on a dull iron-grey colour.
  3959 | D:4      | Reached XP level 7. HP: 32/50 MP: 1/10
  4129 | D:4      | Noticed Sigmund
  4134 | D:4      | Killed Sigmund
  4135 | D:4      | Reached XP level 8. HP: 57/57 MP: 2/11
  4283 | D:4      | Noticed Menkaure
  4821 | D:3      | Reached skill level 10 in Fire Magic
  5815 | D:4      | Killed Menkaure
  6083 | D:4      | Noticed LabCoat's ghost (amateur HOFi)
  6084 | D:4      | Found a runed translucent gate.
  6084 | D:4      | Found a runed translucent gate.
  6085 | D:4      | Found a runed translucent gate.
  6087 | D:4      | Identified the +5 whip of Breach {elec, rElec rPois}
  6246 | D:4      | Found a runed translucent door.
  6247 | D:4      | Noticed Crazy Yiuf
  6503 | D:5      | Entered Level 5 of the Dungeon
  6610 | D:5      | Reached skill level 5 in Spellcasting
  6714 | D:5      | Reached XP level 9. HP: 62/62 MP: 4/18
  6735 | D:5      | Noticed Blork the orc
  6975 | D:5      | Killed Blork the orc
  7741 | D:6      | Noticed Duvessa
  7744 | D:6      | Noticed Dowan
  7813 | D:6      | Killed Duvessa
  8034 | D:6      | Killed Dowan
  8154 | D:6      | You fall into a shaft and drop 1 floor!
  8170 | D:7      | Found a sparkling altar of Nemelex Xobeh.
  8172 | D:7      | Found an opulent altar of Gozag.
  8174 | D:7      | Found a white marble altar of Elyvilon.
  8509 | D:6      | Found a staircase to the Ecumenical Temple.
  8517 | Temple   | Entered the Ecumenical Temple
  8576 | Temple   | Became a worshipper of Vehumet
  8662 | D:7      | Found Koterauz's Magic Scroll Emporium.
  8804 | D:7      | Found Feyricaroe's Antique Weapon Boutique.
  8831 | D:7      | Bought a scroll of teleportation for 48 gold pieces
  8831 | D:7      | Bought a scroll of fear for 64 gold pieces
  8831 | D:7      | Bought 2 scrolls of teleportation for 96 gold pieces
  8831 | D:7      | Bought a scroll of noise for 16 gold pieces
  8831 | D:7      | Bought a scroll of identify for 32 gold pieces
  9043 | D:7      | Found Zaqua's Weapon Boutique.
  9097 | D:7      | Found Teas's Antique Armour Boutique.
  9376 | D:8      | Reached XP level 10. HP: 68/69 MP: 17/23
  9384 | D:8      | Reached skill level 10 in Spellcasting
  9391 | D:8      | Reached skill level 1 in Poison Magic
  9626 | D:8      | Reached skill level 5 in Poison Magic
  9631 | D:8      | Reached * piety under Vehumet
  9631 | D:8      | Offered knowledge of Magic Dart by Vehumet.
  9767 | D:8      | Learned a level 4 spell: Olgreb's Toxic Radiance
  9793 | D:8      | Found a basalt altar of Yredelemnul.
  9796 | D:8      | Noticed a profane servitor
  9849 | D:8      | Found a staircase to the Lair.
 10240 | D:8      | Reached ** piety under Vehumet
 10240 | D:8      | Offered knowledge of Freeze by Vehumet.
 10822 | D:8      | Reached XP level 11. HP: 35/74 MP: 13/25
 11339 | D:8      | Noticed a two-headed ogre
 11343 | D:8      | Killed a two-headed ogre
 11437 | D:8      | Noticed a two-headed ogre
 11444 | D:8      | Killed a two-headed ogre
 11445 | D:8      | Reached skill level 10 in Poison Magic
 11445 | D:8      | Reached skill level 1 in Fighting
 11528 | D:8      | Killed from afar by a gargoyle

Illustrated notes

Levels and vault maps discovered:
D:1:      spicycebolla_arrival_xxxplode, layout_rooms
D:2:      layout_loops_corners, minmay_rat_hole, uniq_robin
D:3:      layout_loops_ring, chequers_ecumenical_altar_island, minivault_19,
          kennysheep_orc_chapel, uniq_grinder
D:4:      layout_basic, biasface_ghost_orc_armoury, kennysheep_nondescript,
          uniq_menkaure, uniq_pikel, uniq_crazy_yiuf_cottage, uniq_sigmund
D:5:      layout_rooms, uniq_blork_the_orc
D:6:      layout_cave_pools, minmay_temple_entry_hall,
          nicolae_kite_square_tiling_tiny, nicolae_elevator_lobby_asterisk,
          uniq_duvessa
D:7:      layout_rooms, grunt_temple_overflow_open, serial_shops,
          nicolae_shop_bloodbath_and_beyond, shop, nicolae_stop_n_shop_2,
          nicolae_shop_hallway_plus
D:8:      wad_guarded_room, layout_loops_ring, grunt_temple_overflow_holy_war,
          minmay_lair_entry_grove, grunt_ministairs_2
Temple:   nicolae_temple_bog_church

Skill      XL: |  1  2  3  4  5  6  7  8  9 10 11 |
---------------+----------------------------------+-----
Conjurations   | 2 3 |  3.0
Fire Magic     | 4 6 8 9 10 | 10.0
Spellcasting   | 6 9 10 | 10.0
Poison Magic   | 9 10 | 10.0
Fighting       | 2 |  2.1
Dodging        | |  1.7
Stealth        | |  1.7

Action                   |  1- 3 |  4- 6 |  7- 9 | 10-12 || total
-------------------------+-------+-------+-------+-------++-------
Melee: Dagger            |    24 |    32 |       |       ||    56
       Tailslap          |     1 |     3 |     2 |     3 ||     9
       Punch             |     1 |       |       |       ||     1
       Trident           |       |    23 |    36 |    37 ||    96
 Cast: Foxfire           |    72 |    84 |   152 |    88 ||   396
       Scorch            |       |     5 |     9 |     6 ||    20
       Inner Flame       |       |     2 |    36 |    30 ||    68
       Olgreb's Toxic Ra |       |       |       |    16 ||    16
  Use: Scroll            |       |       |    11 |     2 ||    13
       Potion            |       |       |       |     1 ||     1
 Stab: Sleeping          |     1 |     1 |       |       ||     2
Armor: Skin              |     6 |     8 |    30 |    20 ||    64
Dodge: Dodged            |    16 |    19 |    36 |    31 ||   102
